 Dungeon Crawl Stone Soup version 0.30-a0-723-gc1506a1cf0 (webtiles) character file.

Game seed: 12099573548617432227

116 tkbsonic5 the Charlatan (level 4, 0/34 HPs)
             Began as a Demonspawn Artificer on Jan 29, 2023.
             Succumbed to an adder's poison
             ... on level 2 of the Dungeon.
             The game lasted 00:06:38 (2005 turns).

tkbsonic5 the Charlatan (Demonspawn Artificer)      Turns: 2005, Time: 00:06:39

Health: 0/34       AC:  5    Str: 14    XL:     4   Next: 69%
Magic:  4/4        EV: 15    Int: 14    God:
Gold:   91         SH:  0    Dex: 14    Spells: 3/3 levels left

rFire   . . .      SeeInvis .    g - +0 whip
rCold   . . .      Faith    .    (no shield)
rNeg    . . .      Spirit   .    f - +0 ring mail
rPois   .          Reflect  .    (no helmet)
rElec   .          Harm     .    (no cloak)
rCorr   .          Rampage  .    (no gloves)
Will    .....                    (no boots)
Stlth   +                        (no amulet)
HPRegen 0.25/turn                (no ring)
MPRegen 0.09/turn                (no ring)

@: agile, lethally poisoned (0 -> -3)
A: powered by pain 1, big brain 1
a: no special abilities


You were on level 2 of the Dungeon.
You visited 1 branch of the dungeon, and saw 3 of its levels.

You collected 91 gold pieces.

Inventory:

Hand Weapons
 a - a +0 club
 g - a +0 whip (weapon)
Missiles
 h - 4 poisoned darts (quivered)
 j - 3 javelins
 l - 6 boomerangs
Armour
 b - a +0 leather armour
 f - a +0 ring mail (worn)
 i - a +0 cloak
Wands
 c - a wand of flame (15)
 d - a wand of charming (15)
 e - a wand of iceblast (5)
Scrolls
 k - a scroll of identify
 m - a scroll of fog
 n - a scroll of amnesia


   Skills:
 + Level 2.4 Fighting
 * Level 2.3 Maces & Flails
 - Level 1.2 Throwing
 - Level 1.7 Armour
 - Level 0.8 Dodging
 - Level 0.8 Stealth
 + Level 3.6 Evocations


You had 3 spell levels left.
You didn't know any spells.
Your spell library was empty.

Dungeon Overview and Level Annotations

Branches:
Dungeon (3/15)

Altars:


Innate Abilities, Weirdness & Mutations

You sometimes gain a little power by taking damage.
You have an unusually large brain. (Int +2)


Message History

You aren't carrying any potions.
As you read the scroll labelled ENUUVE FYRRUEJ, it crumbles to dust.
It is a scroll of identify.
n - a scroll of amnesia You feel sick.
The adder bites you but does no damage. The adder barely misses you.
The orc completely misses you. The orc misses you.
As you read the scroll labelled YGIUTO XAZEGARGH, it crumbles to dust.
The scroll dissolves into smoke.
It was a scroll of fog.
You feel sick. The dart slug launches a dart at you.
The slug dart hits you but does no damage.
The adder bites you but does no damage. The orc closely misses you.
The orc hits you with a +0 trident.
* * * LOW HITPOINT WARNING * * *
You aren't carrying any potions.
Okay, then.
You are too injured to fight recklessly!
Unknown command.
Throw: 5 darts (poison)
Press: ? - help, Q - select action, (/) - cycle Shift-Dir - straight line, f - adder
Aim: an adder (grey smoke, 40% to hit)
You throw a poisoned dart. The poisoned dart hits the adder.
The adder is poisoned.
You feel sick. The adder bites you but does no damage. The dart slug bites you.
* * * LOW HITPOINT WARNING * * *
The adder attacks as you move away! The adder bites you but does no damage.
You feel sick. The orc closely misses you. The orc hits you with a +0 trident.
* * * LOW HITPOINT WARNING * * *
* * * LOW HITPOINT WARNING * * *
You feel sick.
You are no longer poisoned.
The orc closely misses you. The orc misses you. The adder misses you.
The orc barely misses you.
The adder looks more healthy.
The adder barely misses you. The adder bites you but does no damage.
The adder bites you.
* * * LOW HITPOINT WARNING * * *
You are lethally poisoned!
The adder poisons you!
You die...

..##..##...§§§§# #.# #.#.#....#
####..##.##§§#.###.#####.#......#
..........§.....................#
......##.###o#####.#####.###.#..#
......##.###.### #.......# #.#..#
.###.........o.###.#####.# ###..#
.####.........S(......##.# #..#
...................##.##.# #..#
.........#######@..##.##.#####..#
......#...## ##...#..........)..#
......##...###...####.##.####...#
.......##.).∩...##.##†#### #...#
#......###.._..###.##.#### #...#
#......#.##...##.#.##.##.# #..##
#....#.#.##...#..#.##.##.# #..#
#....#.#.##...#..#.##.##.# #..#
#....#.#.##...#..#.##.##.# #..#


You could see an adder and 2 orcs.

Vanquished Creatures
  An orc priest (D:3)
  Jessica (D:2)
  2 adders (D:2)
  4 dart slugs
  4 ball pythons
  2 bats (D:1)
  2 endoplasms (D:2)
  2 giant cockroaches
  A hobgoblin (D:2)
  2 kobolds (D:2)
  A quokka (D:1)
  12 frilled lizards
  4 goblins
  A rat (D:2)
39 creatures vanquished.

Vanquished Creatures (others)
  5 plants (D:1)
5 creatures vanquished.

Grand Total: 44 creatures vanquished

Notes
Turn   | Place    | Note
-------+----------+-------------------------------------------
     0 | D:1      | tkbsonic5 the Demonspawn Artificer began the quest for the
                  | Orb.
     0 | D:1      | Reached XP level 1. HP: 15/15 MP: 1/1
   139 | D:1      | Gained mutation: You sometimes gain a little power by
                  | taking damage. [demonic ancestry]
   139 | D:1      | Reached XP level 2. HP: 21/21 MP: 2/2
   526 | D:1      | Reached skill level 1 in Maces & Flails
  1018 | D:2      | Gained mutation: You have an unusually large brain. (Int
                  | +2) [demonic ancestry]
  1018 | D:2      | Reached XP level 3. HP: 27/27 MP: 3/3
  1115 | D:2      | Noticed Jessica
  1135 | D:2      | Killed Jessica
  1136 | D:2      | Reached skill level 1 in Throwing
  1258 | D:2      | Found a faded altar of an unknown god.
  1296 | D:2      | Reached XP level 4. HP: 33/33 MP: 4/4
  1997 | D:2      | HP: 1/34 [poisoned by an adder]
  2004 | D:2      | HP: 1/34 [adder (2)]
  2005 | D:2      | Succumbed to an adder's poison

Illustrated notes

Levels and vault maps discovered:
D:1:      shiori_arrival_elements, layout_loops_ring, minmay_misc_feat_roman,
          minivault_14, minmay_lizard_king
D:2:      layout_basic, hellmonk_ecumenical_altar_crossroads, uniq_jessica
D:3:      layout_basic, serial_shops, shop, shop, gammafunk_ghost_nasty_kobolds

Skill      XL: |  1  2  3  4 |
---------------+-------------+-----
Maces & Flails | 1 2 |  2.3
Fighting       | 2 |  2.4
Throwing       | 1 |  1.2
Armour         | |  1.7
Dodging        | |  0.8
Stealth        | |  0.8
Evocations     | |  3.6

Action                     |  1- 3 |  4- 6 || total
---------------------------+-------+-------++-------
  Melee: Club              |    14 |       ||    14
         Whip              |    70 |    29 ||    99
  Throw: Dart              |    34 |     6 ||    40
    Use: Potion            |     1 |       ||     1
         Scroll            |       |     2 ||     2
 Armour: Ring mail         |    39 |    12 ||    51
  Dodge: Dodged            |    44 |    32 ||    76

Table legend: (Time is in decaauts)
 A = Elapsed time spent in this place.
 B = Non-inter-level travel time spent in this place.
 C = Inter-level travel time spent in this place.
 D = Time resting spent in this place.
 E = Time spent auto-exploring this place.
 F = Levels seen in this place.
 G = Mean time per level.
                   A        B        C        D        E       F      G
               +--------+--------+--------+--------+--------+-----+--------+
         Total |   2014 |   1940 |     74 |      0 |   1562 |   3 |  671.3 |
       Dungeon |   2014 |   1940 |     74 |      0 |   1562 |   3 |  671.3 |
               +--------+--------+--------+--------+--------+-----+--------+

Top non-repeatable levels by time:
     D:2: 1157 daAuts
     D:1: 850 daAuts
     D:3: 6 daAuts
